 Dungeon Crawl Stone Soup version 0.28-a0-697-g47f3eba078 (webtiles) character file.

Game seed: 12582096495020760438

277 timneilson the Shield-Bearer (level 6, -2/38 HPs)
             Began as a Gargoyle Fighter on Oct 23, 2021.
             Slain by Dowan (5 damage)
             ... on level 4 of the Dungeon.
             The game lasted 00:04:47 (2748 turns).

timneilson the Shield-Bearer (Gargoyle Fighter)     Turns: 2748, Time: 00:04:48

Health: -2/38      AC: 11    Str: 22    XL:     6   Next: 26%
Magic:  6/6        EV: 10    Int:  8    God:
Gold:   115        SH:  5    Dex:  9    Spells: 5/5 levels left

rFire   . . .      SeeInvis .   a - +0 long sword
rCold   . . .      Faith    .   c - +1 buckler
rNeg    + . .      Spirit   .   b - +0 scale mail
rPois   ∞          Reflect  .   (no helmet)
rElec   +          Harm     .   (no cloak)
rCorr   .          Rampage  .   (no gloves)
Will    .....                   (no boots)
Stlth   ..........              (no amulet)
HPRegen 0.12/turn               (no ring)
MPRegen 0.10/turn               (no ring)

@: lit by a corona, glowing
A: sickness immunity, AC +4, negative energy resistance 1, electricity
resistance, torment resistance 1, petrification resistance
a: no special abilities


You were on level 4 of the Dungeon.
You visited 1 branch of the dungeon, and saw 4 of its levels.

You collected 115 gold pieces.

Inventory:

Hand Weapons
 a - a +0 long sword (weapon)
Armour
 b - a +0 scale mail (worn)
 c - a +1 buckler (worn)
Wands
 m - a wand of flame (22)
Scrolls
 d - a scroll of identify
 f - a scroll of enchant armour
 g - 2 scrolls of teleportation {unknown}
 j - a scroll of brand weapon {unknown}
Potions
 e - a potion of brilliance
 i - a potion of mutation
 k - a potion of haste
 l - a potion of curing {unknown}


   Skills:
 + Level 3.9 Fighting
 * Level 3.1 Long Blades
 * Level 4.5 Armour
 + Level 1.4 Dodging
 * Level 4.8 Shields
 + Level 0.3 Evocations


You had 5 spell levels left.
You didn't know any spells.
Your spell library was empty.

Dungeon Overview and Level Annotations

Branches:
Dungeon (3/15)

Altars:

Annotations:
D:4 Dowan, Duvessa


Innate Abilities, Weirdness & Mutations

You are immune to sickness and miasma.
Your stone body is resilient. (AC +4)
You are immune to poison.
You resist negative energy. (rN+)
You are resistant to electric shocks. (rElec)
You are resistant to unholy torment.
You are immune to petrification.


Message History

You hit Duvessa.
Duvessa is lightly wounded.
You feel yourself slow down. You block Duvessa's attack.
You barely miss Duvessa.
Duvessa is lightly wounded.
Duvessa hits you with a +1 short sword of speed.
Duvessa hits you but does no damage.
You hit Duvessa.
Duvessa is lightly wounded.
Duvessa hits you but does no damage. You block Dowan's attack.
Duvessa hits you with a +1 short sword of speed!
You closely miss Duvessa.
Duvessa is lightly wounded.
You block Duvessa's attack. Dowan misses you.
Duvessa hits you with a +1 short sword of speed.
You hit Duvessa.
Duvessa is lightly wounded.
Dowan casts a spell at you.
You are outlined in light.
Duvessa hits you with a +1 short sword of speed. x2
Dowan hits you but does no damage.
You hit Duvessa.
Duvessa is lightly wounded.
Duvessa hits you with a +1 short sword of speed.
* * * LOW HITPOINT WARNING * * *
You block Duvessa's attack. Dowan completely misses you.
You hit Duvessa.
Duvessa is moderately wounded.
Duvessa hits you with a +1 short sword of speed.
* * * LOW HITPOINT WARNING * * *
Dowan hits you but does no damage. Duvessa hits you but does no damage.
You barely miss Duvessa.
Duvessa is moderately wounded.
You block Duvessa's attack. Dowan hits you but does no damage.
You block Duvessa's attack.
You hit Duvessa but do no damage.
Duvessa is moderately wounded.
Dowan hits you with a +2 dagger of venom.
You die...

#..#### #. #..# #.....#
#+##.## #..# #.###'#####
....... #..# #.##.......
.$..... #..# #.##.......
....... #..# #.##.......
....... #..# #)##.......
.......##..###.##.......
......e@...#...>........
......e###.#.##.#######.
#.....[ #.#..#.# .
#.##### #.#..#.######. #
#.#...........
#.#..#.######. #.#..#.#
#.#..#.# #.#..#.#


You could see Duvessa and Dowan.

Vanquished Creatures
  2 ogres
  An orc wizard (D:4)
  3 adders
  A dart slug (D:2)
  4 orcs (D:4)
  6 ball pythons
  5 endoplasms
  3 giant cockroaches
  4 goblins
  2 hobgoblins
  4 jackals (D:1)
  5 kobolds
  4 quokkas
  8 bats
  3 frilled lizards
  5 rats
60 creatures vanquished.

Vanquished Creatures (others)
  4 toadstools (D:1)
4 creatures vanquished.

Grand Total: 64 creatures vanquished

Notes
Turn   | Place    | Note
-------+----------+-------------------------------------------
     0 | D:1      | timneilson the Gargoyle Fighter began the quest for the
                  | Orb.
     0 | D:1      | Reached XP level 1. HP: 14/14 MP: 1/1
    48 | D:1      | Reached XP level 2. HP: 1/19 MP: 2/2
   374 | D:1      | Found a faded altar of an unknown god.
   795 | D:1      | Reached XP level 3. HP: 23/23 MP: 3/3
  1308 | D:2      | Noticed an ogre
  1318 | D:2      | Killed an ogre
  1319 | D:2      | Reached skill level 1 in Dodging
  1319 | D:2      | Reached XP level 4. HP: 26/29 MP: 4/4
  1319 | D:2      | Reached XP level 5. HP: 30/33 MP: 5/5
  2348 | D:3      | You fall into a shaft and drop 1 floor!
  2687 | D:4      | Noticed an ogre
  2706 | D:4      | Killed an ogre
  2707 | D:4      | Reached XP level 6. HP: 35/38 MP: 6/6
  2735 | D:4      | Noticed Duvessa
  2737 | D:4      | Noticed Dowan
  2748 | D:4      | Slain by Dowan

Illustrated notes

Levels and vault maps discovered:
D:1:      ldierk_water_garden, layout_loops_cross, basic_ecumenical_altar,
          minmay_large_rounded_square
D:2:      layout_loops_ring, minmay_split_cup_small
D:3:      layout_loops_ring
D:4:      layout_basic, nemelex_spade_bored_becter, uniq_grinder, uniq_natasha,
          uniq_duvessa, uniq_edmund

Skill      XL: |  1  2  3  4  5 |
---------------+----------------+-----
Long Blades    | 2 3 |  3.1
Armour         | 4 |  4.5
Dodging        | 1 |  1.4
Shields        | 4 |  4.8
Fighting       | |  3.9
Evocations     | |  0.3

Action                   |  1- 3 |  4- 6 || total
-------------------------+-------+-------++-------
Melee: Long sword        |   121 |   113 ||   234
  Use: Scroll            |     3 |     5 ||     8
       Potion            |     2 |     2 ||     4
Armor: Scale mail        |    99 |    70 ||   169
       Skin              |     3 |       ||     3
Dodge: Dodged            |    81 |    58 ||   139
Block: Buckler           |    44 |    33 ||    77

Table legend: (Time is in decaauts)
 A = Elapsed time spent in this place.
 B = Non-inter-level travel time spent in this place.
 C = Inter-level travel time spent in this place.
 D = Time resting spent in this place.
 E = Time spent auto-exploring this place.
 F = Levels seen in this place.
 G = Mean time per level.
                   A        B        C        D        E       F      G
               +--------+--------+--------+--------+--------+-----+--------+
         Total |   2804 |   2778 |     26 |    297 |   1887 |   4 |  701.0 |
       Dungeon |   2804 |   2778 |     26 |    297 |   1887 |   4 |  701.0 |
               +--------+--------+--------+--------+--------+-----+--------+

Top non-repeatable levels by time:
     D:2: 1117 daAuts
     D:1: 1049 daAuts
     D:4: 395 daAuts
     D:3: 241 daAuts
